Lightning vs Coyotes
Created - January 18, 2019 at 22:54
Goals
|
| Lightning |
0 |
2 |
0 |
2 |
| Coyotes |
0 |
0 |
0 |
0 |
|
Shots
|
| Lightning |
5 |
17 |
10 |
32 |
| Coyotes |
6 |
15 |
8 |
29 |
|
1st period
No Goal
Penalties :
Kurt Sauer (TB.) for Holding Stick (Minor) at 18:37
2nd period
1. Lightning , Kris Versteeg 20 (Robert Nilsson 32) at 2:00
2. Lightning , Jeff Schultz 3 (Jordan Nolan 15, Daniel Carcillo 13) at 19:47
Penalties :
Daniel Carcillo (TB.) for Tripping (Minor) at 11:59
3rd period
No Goal
Penalties :
Daniel Carcillo (TB.) for Tripping (Minor) at 1:05, Nazem Kadri (Ari) for Diving (Minor) at 11:33, Jan Bulis (TB.) for High sticking (Minor) at 14:53
Goalie Stats
Jaroslav Halak (TB.), 29 saves from 29 shots - (1.000), W, 18-11-4, 60:00 minutes
Maxime Daigneault (Ari), 30 saves from 32 shots - (0.938), L, 16-8-1, 60:00 minutes
Players Stats for Lightning
Player Name G A P +/- PIM S H SB GA TA FO MP PP MP PK MP
------------------------------------------------------------------------------------
Andy Rogers 0 0 0 0 0 3 1 2 0 1 0/0 21:26 0:42 3:10
Daniel Carcillo 0 1 1 1 4 2 4 0 0 0 0/1 15:37 0:59 0:00
Danny Richmond 0 0 0 0 0 1 1 0 0 0 0/0 21:29 0:42 3:10
Gabriel Landeskog 0 0 0 0 0 0 1 0 0 0 0/0 13:10 0:00 0:53
Henrik Zetterberg 0 0 0 1 0 2 3 0 0 1 1/3 18:45 1:00 1:50
Jan Bulis 0 0 0 0 2 0 3 0 0 1 3/6 13:07 0:00 0:46
Jeff Schultz 1 0 1 2 0 1 1 2 0 2 0/0 24:46 1:17 4:46
John Carlson 0 0 0 2 0 2 3 0 1 0 0/0 24:46 1:17 4:46
Jordan Nolan 0 1 1 1 0 2 2 0 0 0 7/14 18:25 0:59 2:06
Justin Schultz 0 0 0 0 0 2 2 2 0 0 0/0 13:34 0:00 0:00
Kris Versteeg 1 0 1 1 0 3 4 0 0 0 0/0 22:29 1:00 5:13
Kurt Sauer 0 0 0 0 2 0 0 0 0 0 0/0 13:43 0:00 0:00
Mikael Backlund 0 0 0 0 0 1 0 0 1 0 1/2 6:56 0:00 0:00
Pierre-Luc Létourneau 0 0 0 0 0 0 0 0 0 0 0/0 6:56 0:00 0:00
Reilly Smith 0 0 0 0 0 1 0 0 0 0 0/0 7:06 0:00 0:00
Robert Nilsson 0 1 1 1 0 6 1 2 1 0 12/29 22:12 1:00 5:04
Sheldon Keefe 0 0 0 1 0 3 1 2 0 3 0/2 15:30 0:59 0:00
Steve Bernier 0 0 0 0 0 3 3 0 1 0 0/0 12:03 0:00 0:00
Players Stats for Coyotes
Player Name G A P +/- PIM S H SB GA TA FO MP PP MP PK MP
------------------------------------------------------------------------------------
Anton Stralman 0 0 0 -1 0 1 2 1 0 1 0/0 26:44 4:50 0:54
Brad Richards 0 0 0 0 0 0 0 0 0 0 8/16 14:17 2:16 0:00
Brooks Laich 0 0 0 0 0 4 1 0 0 0 2/4 11:09 0:46 0:20
Chad Larose 0 0 0 0 0 1 0 0 0 0 1/1 10:04 0:13 0:58
Chris Stewart 0 0 0 0 0 5 0 1 0 0 4/7 13:39 2:38 0:00
Greg Zanon 0 0 0 0 0 2 1 0 0 0 0/0 14:16 0:11 1:05
Josh Gorges 0 0 0 -1 0 3 1 0 0 0 0/0 20:00 2:55 0:22
Kristopher Letang 0 0 0 -1 0 2 0 1 1 0 0/0 25:18 4:50 0:57
Marek Svatos 0 0 0 0 0 3 0 0 2 0 0/0 18:33 2:45 0:00
Marian Gaborik 0 0 0 -2 0 4 1 1 2 1 1/3 20:48 4:50 0:00
Martin Samuelsson 0 0 0 0 0 0 2 0 0 1 1/1 10:33 0:00 0:58
Michael Del Zotto 0 0 0 0 0 0 1 0 0 1 0/0 17:23 3:06 0:00
Nazem Kadri 0 0 0 -2 2 2 0 1 1 0 12/21 19:01 2:45 0:00
Ryane Clowe 0 0 0 0 0 0 0 0 0 0 1/1 11:26 0:00 0:28
Thomas Hickey 0 0 0 -1 0 1 1 1 0 0 0/0 16:15 0:00 0:40
Tyler Ennis 0 0 0 -2 0 1 0 0 1 0 0/0 21:29 4:50 0:41
Valtteri Filppula 0 0 0 0 0 0 0 0 0 0 2/2 8:16 0:00 0:00
Zach Parise 0 0 0 0 0 0 2 0 1 0 1/1 18:49 2:45 0:33
3 Stars
1 - Jaroslav Halak (TB.)
2 - Kris Versteeg (TB.)
3 - Jeff Schultz (TB.)
Power Play
Lightning - 0 on 1 Attempt(s) - 0.00%
Coyotes - 0 on 4 Attempt(s) - 0.00%
Penalty Kill
Lightning - 4 on 4 Attempt(s) - 100.00%
- Score 0 goal in Penalty Kill
Coyotes - 1 on 1 Attempt(s) - 100.00%
- Score 0 goal in Penalty Kill
Team Stat
Lightning - Hits : 30 - Faceoff Wins : 24 - Blocked Shots : 10 - Penalty Minutes : 8
Coyotes - Hits : 12 - Faceoff Wins : 33 - Blocked Shots : 6 - Penalty Minutes : 2
Official
Referees : Unknown
Linesman : Unknown
Game Notes
Brad Richards is injured at 1:11 of 3rd period (Bruised Left Foot)
Finance
Level 1 -- Attendance: 5531 (92.18%) -- Ticket Income $497,790
Level 2 -- Attendance: 5000 (100.00%) -- Ticket Income $265,000
Level 3 -- Attendance: 2000 (100.00%) -- Ticket Income $74,000
Level 4 -- Attendance: 3752 (93.80%) -- Ticket Income $97,552
Luxury Box -- Attendance: 997 (99.70%) -- Ticket Income $162,511
Game was played at the The Pack Center.
Total Attendance: 17280 (96.00%)
Total Ticket Income: $1,096,853
Other Income: $164,528
Total Income: $1,261,381
Lightning
5 vs 5 Forward
Center Left Wing Right Wing Time % Phy DF OF
1 Robert Nilsson Henrik Zetterberg Kris Versteeg 40 1 2 2
2 Jordan Nolan Daniel Carcillo Sheldon Keefe 30 1 2 2
3 Jan Bulis Gabriel Landeskog Steve Bernier 20 1 2 2
4 Mikael Backlund Pierre-Luc Létourneau Reilly Smith 10 1 2 2
5 vs 5 Defense
Defense Defense Time % Phy DF OF
1 Jeff Schultz John Carlson 40 1 2 2
2 Andy Rogers Danny Richmond 30 1 2 2
3 Justin Schultz Kurt Sauer 20 1 2 2
4 Jeff Schultz John Carlson 10 1 2 2
PowerPlay Forward
Center Left Wing Right Wing Time % Phy DF OF
1 Robert Nilsson Henrik Zetterberg Kris Versteeg 60 1 2 2
2 Jordan Nolan Daniel Carcillo Sheldon Keefe 40 1 2 2
PowerPlay Defense
Defense Defense Time % Phy DF OF
1 Jeff Schultz John Carlson 60 1 2 2
2 Andy Rogers Danny Richmond 40 1 2 2
Penalty Kill 4 Players Forward
Center Wing Time % Phy DF OF
1 Robert Nilsson Kris Versteeg 60 1 2 2
2 Henrik Zetterberg Jordan Nolan 40 1 2 2
Penalty Kill 4 Players Defense
Defense Defense Time % Phy DF OF
1 Jeff Schultz John Carlson 60 1 2 2
2 Andy Rogers Danny Richmond 40 1 2 2
Penalty Kill - 3 Players Forward
Forward Time % Phy DF OF
1 Robert Nilsson 60 1 2 2
2 Kris Versteeg 40 1 2 2
Penalty Kill - 3 Players Defense
Defense Defense Time % Phy DF OF
1 Jeff Schultz John Carlson 60 1 2 2
2 Andy Rogers Danny Richmond 40 1 2 2
4 vs 4 Forward
Center Wing Time % Phy DF OF
1 Robert Nilsson Kris Versteeg 60 1 2 2
2 Henrik Zetterberg Jordan Nolan 40 1 2 2
4 vs 4 Defense
Defense Defense Time % Phy DF OF
1 Jeff Schultz John Carlson 60 1 2 2
2 Andy Rogers Danny Richmond 40 1 2 2
Last Minutes Offensive
Center Left Wing Right Wing Defense Defense
Robert Nilsson Henrik Zetterberg Kris Versteeg Jeff Schultz John Carlson
Last Minutes Defensive
Center Left Wing Right Wing Defense Defense
Robert Nilsson Henrik Zetterberg Kris Versteeg Jeff Schultz John Carlson
Goaltenders
Starting : Jaroslav Halak
Backup : Adam Munro
Extra Forwards
Normal : Steve Bernier, Gabriel Landeskog, Jan Bulis - PP : Steve Bernier, Gabriel Landeskog - PK : Jan Bulis
Extra Defensemen
Normal : Justin Schultz, Kurt Sauer, Andy Rogers - PP : Justin Schultz - PK : Kurt Sauer, Andy Rogers
Penalty Shots
Robert Nilsson, Kris Versteeg, Henrik Zetterberg, Jordan Nolan, Daniel Carcillo
Scratches
None
Coyotes
5 vs 5 Forward
Center Left Wing Right Wing Time % Phy DF OF
1 Nazem Kadri Tyler Ennis Marian Gaborik 36 0 2 3
2 Brad Richards Zach Parise Marek Svatos 34 0 2 3
3 Brooks Laich Martin Samuelsson Chris Stewart 16 0 2 3
4 Valtteri Filppula Ryane Clowe Chad Larose 14 1 2 2
5 vs 5 Defense
Defense Defense Time % Phy DF OF
1 Kristopher Letang Anton Stralman 40 0 3 2
2 Josh Gorges Thomas Hickey 30 0 3 2
3 Michael Del Zotto Greg Zanon 20 0 3 2
4 Kristopher Letang Anton Stralman 10 1 2 2
PowerPlay Forward
Center Left Wing Right Wing Time % Phy DF OF
1 Brad Richards Tyler Ennis Marian Gaborik 60 0 1 4
2 Nazem Kadri Zach Parise Marek Svatos 40 0 1 4
PowerPlay Defense
Defense Defense Time % Phy DF OF
1 Kristopher Letang Anton Stralman 60 0 2 3
2 Josh Gorges Michael Del Zotto 40 0 2 3
Penalty Kill 4 Players Forward
Center Wing Time % Phy DF OF
1 Chad Larose Martin Samuelsson 60 0 3 2
2 Brad Richards Zach Parise 40 0 3 2
Penalty Kill 4 Players Defense
Defense Defense Time % Phy DF OF
1 Kristopher Letang Greg Zanon 60 1 4 0
2 Anton Stralman Kristopher Letang 40 1 4 0
Penalty Kill - 3 Players Forward
Forward Time % Phy DF OF
1 Zach Parise 60 1 3 1
2 Brad Richards 40 1 3 1
Penalty Kill - 3 Players Defense
Defense Defense Time % Phy DF OF
1 Kristopher Letang Anton Stralman 60 1 4 0
2 Josh Gorges Greg Zanon 40 1 4 0
4 vs 4 Forward
Center Wing Time % Phy DF OF
1 Marian Gaborik Brad Richards 60 1 2 2
2 Tyler Ennis Zach Parise 40 1 2 2
4 vs 4 Defense
Defense Defense Time % Phy DF OF
1 Kristopher Letang Anton Stralman 60 1 2 2
2 Josh Gorges Greg Zanon 40 1 2 2
Last Minutes Offensive
Center Left Wing Right Wing Defense Defense
Brad Richards Tyler Ennis Marian Gaborik Kristopher Letang Anton Stralman
Last Minutes Defensive
Center Left Wing Right Wing Defense Defense
Brad Richards Martin Samuelsson Chad Larose Greg Zanon Anton Stralman
Goaltenders
Starting : Maxime Daigneault
Backup : Cam Ward
Extra Forwards
Normal : Ryane Clowe, Chris Stewart, Chad Larose - PP : Chris Stewart, Brooks Laich - PK : Tyler Ennis
Extra Defensemen
Normal : Michael Del Zotto, Thomas Hickey, Josh Gorges - PP : Michael Del Zotto - PK : Thomas Hickey, Josh Gorges
Penalty Shots
Marian Gaborik, Brad Richards, Tyler Ennis, Zach Parise, Marek Svatos
Scratches
None
% Time on Ice - Lightning
Lines # - Real PCT - Wanted PCT - Time Play
Normal Forward
1 - 33% - 40% - 16:45
2 - 29% - 30% - 14:40
3 - 23% - 20% - 11:44
4 - 14% - 10% - 6:56
Normal Defense
1 - 35% - 40% - 17:17
2 - 35% - 30% - 17:23
3 - 26% - 20% - 12:55
4 - 5% - 10% - 2:30
PP Forward
1 - 50% - 60% - 1:00
2 - 50% - 40% - 0:59
PP Defense
1 - 65% - 60% - 1:17
2 - 35% - 40% - 0:42
PK Forward
1 - 77% - 60% - 6:06
2 - 23% - 40% - 1:50
PK Defense
1 - 60% - 60% - 4:46
2 - 40% - 40% - 3:10
PK3 Forward
1 - 0% - 60%
2 - 0% - 40%
PK3 Defense
1 - 0% - 60%
2 - 0% - 40%
44 Forward
1 - 0% - 60%
2 - 0% - 40%
44 Defense
1 - 0% - 60%
2 - 0% - 40%
Last Minute Offensive - 0:00
Last Minute Defensive - 0:00
Total
Forward - 60:00
Defense - 60:00
|
% Time on Ice - Coyotes
Lines # - Real PCT - Wanted PCT - Time Play
Normal Forward
1 - 33% - 36% - 16:43
2 - 31% - 34% - 15:31
3 - 19% - 16% - 9:35
4 - 17% - 14% - 8:16
Normal Defense
1 - 38% - 40% - 18:49
2 - 31% - 30% - 15:43
3 - 24% - 20% - 11:50
4 - 7% - 10% - 3:43
PP Forward
1 - 65% - 60% - 5:11
2 - 35% - 40% - 2:45
PP Defense
1 - 61% - 60% - 4:50
2 - 39% - 40% - 3:06
PK Forward
1 - 72% - 60% - 1:26
2 - 28% - 40% - 0:33
PK Defense
1 - 62% - 60% - 1:14
2 - 38% - 40% - 0:45
PK3 Forward
1 - 0% - 60%
2 - 0% - 40%
PK3 Defense
1 - 0% - 60%
2 - 0% - 40%
44 Forward
1 - 0% - 60%
2 - 0% - 40%
44 Defense
1 - 0% - 60%
2 - 0% - 40%
Last Minute Offensive - 0:00
Last Minute Defensive - 0:00
Total
Forward - 60:00
Defense - 60:00
|
Play-by-Play
1st period
0:01 of 1st period - Nazem Kadri wins face-off versus Robert Nilsson in neutral zone.
0:23 of 1st period - Icing by Kristopher Letang.
0:24 of 1st period - Marian Gaborik wins face-off versus Jordan Nolan in Coyotes zone.
0:57 of 1st period - Snap shot by Chad Larose.
0:57 of 1st period - Shot Misses the Net.
0:59 of 1st period - Wrist shot by Chad Larose.
0:59 of 1st period - Shot Misses the Net.
1:14 of 1st period - Jordan Nolan is hit by Josh Gorges and loses puck.
1:56 of 1st period - Wrist shot by Ryane Clowe.
1:56 of 1st period - Deflect By Valtteri Filppula.
1:56 of 1st period - Deflect By Daniel Carcillo.
1:56 of 1st period - Shot Misses the Net.
1:56 of 1st period - Puck is out of play.
1:57 of 1st period - Robert Nilsson wins face-off versus Brad Richards in Lightning zone.
2:03 of 1st period - Icing by Zach Parise.
2:04 of 1st period - Zach Parise wins face-off versus Henrik Zetterberg in Coyotes zone.
2:04 of 1st period - Zach Parise is hit by Kris Versteeg.
2:49 of 1st period - Zach Parise is hit by Justin Schultz and loses puck.
3:34 of 1st period - Slapshot by Zach Parise.
3:34 of 1st period - Shot Misses the Net.
4:18 of 1st period - Off-side.
4:19 of 1st period - Jan Bulis wins face-off versus Nazem Kadri in neutral zone.
5:26 of 1st period - Kristopher Letang is hit by Jan Bulis and loses puck.
6:22 of 1st period - John Carlson is hit by Brooks Laich and loses puck.
6:47 of 1st period - Chad Larose is hit by Andy Rogers and loses puck.
10:44 of 1st period - Pierre-Luc Létourneau is hit by Greg Zanon and loses puck.
12:15 of 1st period - Robert Nilsson is hit by Michael Del Zotto and loses puck.
12:24 of 1st period - Snap shot by Valtteri Filppula.
12:24 of 1st period - Shot Misses the Net.
12:59 of 1st period - Sheldon Keefe is hit by Thomas Hickey and loses puck.
13:39 of 1st period - Icing by Michael Del Zotto.
13:40 of 1st period - Jan Bulis wins face-off versus Brooks Laich in Coyotes zone.
13:43 of 1st period - Snap shot by Steve Bernier.
13:43 of 1st period - Shot Misses the Net.
13:45 of 1st period - Snap shot by Gabriel Landeskog.
13:45 of 1st period - Shot Misses the Net.
13:47 of 1st period - Snap shot by Danny Richmond.
13:47 of 1st period - Deflect By Steve Bernier.
13:47 of 1st period - Stopped by Maxime Daigneault with a rebound.
14:07 of 1st period - Snap shot by Marian Gaborik.
14:07 of 1st period - Deflect By Nazem Kadri.
14:07 of 1st period - Shot Misses the Net.
14:07 of 1st period - Puck is out of play.
14:08 of 1st period - Robert Nilsson wins face-off versus Marian Gaborik in Lightning zone.
14:25 of 1st period - Wrist shot by Robert Nilsson.
14:25 of 1st period - Stopped by Maxime Daigneault with a rebound.
14:46 of 1st period - Slapshot by Tyler Ennis.
14:46 of 1st period - Shot Misses the Net.
14:48 of 1st period - Snap shot by Josh Gorges.
14:48 of 1st period - Stopped by Jaroslav Halak with a rebound.
14:50 of 1st period - Snap shot by Tyler Ennis.
14:50 of 1st period - Shot Blocked by Justin Schultz.
15:04 of 1st period - Slapshot by Marian Gaborik.
15:04 of 1st period - Shot Misses the Net.
15:06 of 1st period - Wrist shot by Marian Gaborik.
15:06 of 1st period - Stopped by Jaroslav Halak with a rebound.
15:08 of 1st period - Snap shot by Josh Gorges.
15:08 of 1st period - Stopped by Jaroslav Halak without a rebound.
15:09 of 1st period - Brad Richards wins face-off versus Sheldon Keefe in Lightning zone.
15:36 of 1st period - Reilly Smith is hit by Martin Samuelsson and loses puck.
15:45 of 1st period - Wrist shot by Martin Samuelsson.
15:45 of 1st period - Shot Misses the Net.
16:06 of 1st period - Wrist shot by Steve Bernier.
16:06 of 1st period - Shot Hit the Post.
16:13 of 1st period - Icing by Michael Del Zotto.
16:14 of 1st period - Brad Richards wins face-off versus Jordan Nolan in Coyotes zone.
16:23 of 1st period - Snap shot by Marek Svatos.
16:23 of 1st period - Stopped by Jaroslav Halak with a rebound.
16:25 of 1st period - Snap shot by Zach Parise.
16:25 of 1st period - Shot Blocked by Andy Rogers.
16:27 of 1st period - Snap shot by Marek Svatos.
16:27 of 1st period - Stopped by Jaroslav Halak without a rebound.
16:28 of 1st period - Robert Nilsson wins face-off versus Nazem Kadri in Lightning zone.
17:10 of 1st period - Wrist shot by Henrik Zetterberg.
17:10 of 1st period - Shot Misses the Net.
17:37 of 1st period - Nazem Kadri is hit by Sheldon Keefe and loses puck.
17:44 of 1st period - Snap shot by Daniel Carcillo.
17:44 of 1st period - Shot Blocked by Anton Stralman.
17:46 of 1st period - Snap shot by Sheldon Keefe.
17:46 of 1st period - Stopped by Maxime Daigneault with a rebound.
17:48 of 1st period - Wrist shot by Daniel Carcillo.
17:48 of 1st period - Deflect By Sheldon Keefe.
17:48 of 1st period - Stopped by Maxime Daigneault without a rebound.
17:49 of 1st period - Jan Bulis wins face-off versus Brad Richards in Coyotes zone.
17:50 of 1st period - Wrist shot by Steve Bernier.
17:50 of 1st period - Stopped by Maxime Daigneault with a rebound.
18:08 of 1st period - Michael Del Zotto is hit by Gabriel Landeskog and loses puck.
18:15 of 1st period - Marek Svatos is hit by Jan Bulis and loses puck.
18:22 of 1st period - Slapshot by Greg Zanon.
18:22 of 1st period - Stopped by Jaroslav Halak with a rebound.
18:24 of 1st period - Slapshot by Brad Richards.
18:24 of 1st period - Shot Blocked by Justin Schultz.
18:26 of 1st period - Snap shot by Zach Parise.
18:26 of 1st period - Shot Misses the Net.
18:37 of 1st period - Minor Penalty to Kurt Sauer for Holding Stick.
18:38 of 1st period - Brad Richards wins face-off versus Robert Nilsson in Lightning zone.
19:18 of 1st period - Chris Stewart is hit by Henrik Zetterberg and loses puck.
Goals for this period are 0 for Lightning vs 0 for Coyotes.
Shots for this period are 5 for Lightning vs 6 for Coyotes.
2nd period
0:01 of 2nd period - Brad Richards wins face-off versus Robert Nilsson in neutral zone.
0:26 of 2nd period - John Carlson is hit by Anton Stralman and loses puck.
0:35 of 2nd period - Snap shot by Nazem Kadri.
0:35 of 2nd period - Stopped by Jaroslav Halak without a rebound.
0:36 of 2nd period - Brad Richards wins face-off versus Robert Nilsson in Lightning zone.
0:37 of 2nd period - Penalty to Kurt Sauer is over, Kurt Sauer is back on ice.
0:51 of 2nd period - Slapshot by Marian Gaborik.
0:51 of 2nd period - Stopped by Jaroslav Halak without a rebound.
0:52 of 2nd period - Nazem Kadri wins face-off versus Daniel Carcillo in Lightning zone.
1:01 of 2nd period - Slapshot by Jeff Schultz.
1:01 of 2nd period - Shot Misses the Net.
1:33 of 2nd period - Danny Richmond is hit by Zach Parise and loses puck.
1:56 of 2nd period - Snap shot by Gabriel Landeskog.
1:56 of 2nd period - Shot Misses the Net.
1:58 of 2nd period - Slapshot by Andy Rogers.
1:58 of 2nd period - Stopped by Maxime Daigneault without a rebound.
1:59 of 2nd period - Robert Nilsson wins face-off versus Nazem Kadri in Coyotes zone.
2:00 of 2nd period - Wrist shot by Kris Versteeg.
2:00 of 2nd period - Goal by Kris Versteeg - Lightning : 1 - Coyotes : 0.
2:01 of 2nd period - Nazem Kadri wins face-off versus Robert Nilsson in neutral zone.
2:04 of 2nd period - Slapshot by Thomas Hickey.
2:04 of 2nd period - Shot Blocked by Robert Nilsson.
2:12 of 2nd period - Slapshot by Jeff Schultz.
2:12 of 2nd period - Shot Misses the Net.
2:32 of 2nd period - Icing by Marek Svatos.
2:33 of 2nd period - Jordan Nolan wins face-off versus Brad Richards in Coyotes zone.
2:36 of 2nd period - Snap shot by Daniel Carcillo.
2:36 of 2nd period - Shot Blocked by Thomas Hickey.
3:03 of 2nd period - Slapshot by Sheldon Keefe.
3:03 of 2nd period - Shot Misses the Net.
3:23 of 2nd period - Snap shot by Daniel Carcillo.
3:23 of 2nd period - Stopped by Maxime Daigneault without a rebound.
3:24 of 2nd period - Nazem Kadri wins face-off versus Robert Nilsson in Coyotes zone.
3:24 of 2nd period - Tyler Ennis is hit by John Carlson.
4:42 of 2nd period - Kristopher Letang is hit by Henrik Zetterberg and loses puck.
4:55 of 2nd period - Kristopher Letang is hit by Danny Richmond and loses puck.
5:12 of 2nd period - Slapshot by Andy Rogers.
5:12 of 2nd period - Stopped by Maxime Daigneault without a rebound.
5:13 of 2nd period - Brooks Laich wins face-off versus Jordan Nolan in Coyotes zone.
5:18 of 2nd period - Slapshot by Josh Gorges.
5:18 of 2nd period - Stopped by Jaroslav Halak without a rebound.
5:19 of 2nd period - Jordan Nolan wins face-off versus Nazem Kadri in Lightning zone.
5:46 of 2nd period - Daniel Carcillo is hit by Martin Samuelsson.
6:36 of 2nd period - Wrist shot by Steve Bernier.
6:36 of 2nd period - Stopped by Maxime Daigneault without a rebound.
6:37 of 2nd period - Nazem Kadri wins face-off versus Jan Bulis in Coyotes zone.
6:37 of 2nd period - Nazem Kadri is hit by Steve Bernier.
6:44 of 2nd period - Off-side.
6:45 of 2nd period - Henrik Zetterberg wins face-off versus Nazem Kadri in neutral zone.
6:54 of 2nd period - Wrist shot by Robert Nilsson.
6:54 of 2nd period - Stopped by Maxime Daigneault without a rebound.
6:55 of 2nd period - Nazem Kadri wins face-off versus Henrik Zetterberg in Coyotes zone.
7:06 of 2nd period - Anton Stralman is hit by Kris Versteeg and loses puck.
7:39 of 2nd period - Snap shot by Robert Nilsson.
7:39 of 2nd period - Stopped by Maxime Daigneault with a rebound.
7:41 of 2nd period - Snap shot by Robert Nilsson.
7:41 of 2nd period - Stopped by Maxime Daigneault without a rebound.
7:42 of 2nd period - Jordan Nolan wins face-off versus Brad Richards in Coyotes zone.
8:17 of 2nd period - Wrist shot by Chris Stewart.
8:17 of 2nd period - Stopped by Jaroslav Halak without a rebound.
8:18 of 2nd period - Jordan Nolan wins face-off versus Brad Richards in Lightning zone.
9:14 of 2nd period - Marek Svatos is hit by Jordan Nolan.
9:15 of 2nd period - Icing by Marek Svatos.
9:16 of 2nd period - Brad Richards wins face-off versus Robert Nilsson in Coyotes zone.
9:23 of 2nd period - Snap shot by Brad Richards.
9:23 of 2nd period - Shot Blocked by Andy Rogers.
10:15 of 2nd period - Snap shot by Reilly Smith.
10:15 of 2nd period - Shot Misses the Net.
10:35 of 2nd period - Snap shot by Kris Versteeg.
10:35 of 2nd period - Shot Misses the Net.
10:37 of 2nd period - Wrist shot by Robert Nilsson.
10:37 of 2nd period - Stopped by Maxime Daigneault with a rebound.
10:39 of 2nd period - Wrist shot by Henrik Zetterberg.
10:39 of 2nd period - Stopped by Maxime Daigneault with a rebound.
10:41 of 2nd period - Wrist shot by Kris Versteeg.
10:41 of 2nd period - Stopped by Maxime Daigneault with a rebound.
11:45 of 2nd period - Backhand shot by Martin Samuelsson.
11:45 of 2nd period - Shot Misses the Net.
11:47 of 2nd period - Slapshot by Martin Samuelsson.
11:47 of 2nd period - Shot Misses the Net.
11:49 of 2nd period - Snap shot by Brooks Laich.
11:49 of 2nd period - Stopped by Jaroslav Halak with a rebound.
11:51 of 2nd period - Slapshot by Chris Stewart.
11:51 of 2nd period - Stopped by Jaroslav Halak without a rebound.
11:52 of 2nd period - Nazem Kadri wins face-off versus Jordan Nolan in Lightning zone.
11:57 of 2nd period - Snap shot by Tyler Ennis.
11:57 of 2nd period - Shot Misses the Net.
11:59 of 2nd period - Minor Penalty to Daniel Carcillo for Tripping.
12:00 of 2nd period - Robert Nilsson wins face-off versus Brad Richards in Lightning zone.
13:59 of 2nd period - Penalty to Daniel Carcillo is over, Daniel Carcillo is back on ice.
14:07 of 2nd period - Slapshot by Andy Rogers.
14:07 of 2nd period - Deflect By Reilly Smith.
14:07 of 2nd period - Stopped by Maxime Daigneault with a rebound.
14:17 of 2nd period - Snap shot by Mikael Backlund.
14:17 of 2nd period - Stopped by Maxime Daigneault without a rebound.
14:18 of 2nd period - Chris Stewart wins face-off versus Jordan Nolan in Coyotes zone.
14:18 of 2nd period - Chris Stewart is hit by Daniel Carcillo.
14:26 of 2nd period - Wrist shot by Chris Stewart.
14:26 of 2nd period - Stopped by Jaroslav Halak without a rebound.
14:27 of 2nd period - Martin Samuelsson wins face-off versus Jordan Nolan in Lightning zone.
14:28 of 2nd period - Snap shot by Chris Stewart.
14:28 of 2nd period - Shot Misses the Net.
14:30 of 2nd period - Snap shot by Brooks Laich.
14:30 of 2nd period - Stopped by Jaroslav Halak without a rebound.
14:31 of 2nd period - Nazem Kadri wins face-off versus Robert Nilsson in Lightning zone.
14:32 of 2nd period - Snap shot by Marian Gaborik.
14:32 of 2nd period - Stopped by Jaroslav Halak with a rebound.
14:46 of 2nd period - Snap shot by Henrik Zetterberg.
14:46 of 2nd period - Shot Misses the Net.
14:58 of 2nd period - Anton Stralman is hit by Jordan Nolan and loses puck.
16:18 of 2nd period - Wrist shot by Chris Stewart.
16:18 of 2nd period - Stopped by Jaroslav Halak with a rebound.
16:24 of 2nd period - Snap shot by Brooks Laich.
16:24 of 2nd period - Stopped by Jaroslav Halak with a rebound.
16:28 of 2nd period - Wrist shot by Chris Stewart.
16:28 of 2nd period - Shot Blocked by Jeff Schultz.
16:30 of 2nd period - Wrist shot by Martin Samuelsson.
16:30 of 2nd period - Shot Misses the Net.
16:32 of 2nd period - Slapshot by Thomas Hickey.
16:32 of 2nd period - Deflect By Jordan Nolan.
16:32 of 2nd period - Stopped by Jaroslav Halak with a rebound.
16:34 of 2nd period - Snap shot by Thomas Hickey.
16:34 of 2nd period - Shot Blocked by Jeff Schultz.
16:36 of 2nd period - Slapshot by Josh Gorges.
16:36 of 2nd period - Shot Blocked by Sheldon Keefe.
16:38 of 2nd period - Snap shot by Brooks Laich.
16:38 of 2nd period - Stopped by Jaroslav Halak without a rebound.
16:39 of 2nd period - Robert Nilsson wins face-off versus Marian Gaborik in Lightning zone.
16:46 of 2nd period - Slapshot by Justin Schultz.
16:46 of 2nd period - Shot Blocked by Kristopher Letang.
17:06 of 2nd period - Anton Stralman is hit by Jan Bulis and loses puck.
18:05 of 2nd period - Slapshot by Jordan Nolan.
18:05 of 2nd period - Stopped by Maxime Daigneault with a rebound.
18:11 of 2nd period - Slapshot by Justin Schultz.
18:11 of 2nd period - Stopped by Maxime Daigneault with a rebound.
18:47 of 2nd period - Snap shot by Marian Gaborik.
18:47 of 2nd period - Shot Misses the Net.
18:57 of 2nd period - Wrist shot by Chris Stewart.
18:57 of 2nd period - Shot Misses the Net.
18:59 of 2nd period - Slapshot by Greg Zanon.
18:59 of 2nd period - Stopped by Jaroslav Halak without a rebound.
19:00 of 2nd period - Jordan Nolan wins face-off versus Brooks Laich in Lightning zone.
19:09 of 2nd period - Wrist shot by Martin Samuelsson.
19:09 of 2nd period - Deflect By Daniel Carcillo.
19:09 of 2nd period - Shot Blocked by Sheldon Keefe.
19:09 of 2nd period - Puck is out of play.
19:10 of 2nd period - Jordan Nolan wins face-off versus Nazem Kadri in Lightning zone.
19:33 of 2nd period - Wrist shot by Sheldon Keefe.
19:33 of 2nd period - Stopped by Maxime Daigneault with a rebound.
19:35 of 2nd period - Wrist shot by Daniel Carcillo.
19:35 of 2nd period - Shot Blocked by Marian Gaborik.
19:45 of 2nd period - Slapshot by Jordan Nolan.
19:45 of 2nd period - Shot Misses the Net.
19:47 of 2nd period - Slapshot by Jeff Schultz.
19:47 of 2nd period - Goal by Jeff Schultz - Lightning : 2 - Coyotes : 0.
19:48 of 2nd period - Brad Richards wins face-off versus Robert Nilsson in neutral zone.
19:50 of 2nd period - Anton Stralman is hit by John Carlson and loses puck.
19:53 of 2nd period - Snap shot by Marek Svatos.
19:53 of 2nd period - Stopped by Jaroslav Halak without a rebound.
19:54 of 2nd period - Brad Richards wins face-off versus Robert Nilsson in Lightning zone.
Goals for this period are 2 for Lightning vs 0 for Coyotes.
Shots for this period are 17 for Lightning vs 15 for Coyotes.
3rd period
0:01 of 3rd period - Nazem Kadri wins face-off versus Robert Nilsson in neutral zone.
0:01 of 3rd period - Nazem Kadri is hit by Henrik Zetterberg.
0:08 of 3rd period - Icing by John Carlson.
0:09 of 3rd period - Robert Nilsson wins face-off versus Nazem Kadri in Lightning zone.
0:28 of 3rd period - Slapshot by John Carlson.
0:28 of 3rd period - Shot Blocked by Nazem Kadri.
0:30 of 3rd period - Slapshot by John Carlson.
0:30 of 3rd period - Stopped by Maxime Daigneault without a rebound.
0:31 of 3rd period - Jordan Nolan wins face-off versus Brad Richards in Coyotes zone.
0:55 of 3rd period - Marek Svatos is hit by Daniel Carcillo and loses puck.
1:05 of 3rd period - Minor Penalty to Daniel Carcillo for Tripping.
1:06 of 3rd period - Robert Nilsson wins face-off versus Brad Richards in Lightning zone.
1:10 of 3rd period - Brad Richards is hit by Kris Versteeg and loses puck.
1:11 of 3rd period - Brad Richards from Coyotes is injured at 1:11 of 3rd period (Bruised Left Foot).
1:12 of 3rd period - Robert Nilsson wins face-off versus Chris Stewart in Coyotes zone.
1:23 of 3rd period - John Carlson is hit by Marian Gaborik and loses puck.
1:50 of 3rd period - Slapshot by Henrik Zetterberg.
1:50 of 3rd period - Stopped by Maxime Daigneault with a rebound.
2:55 of 3rd period - Robert Nilsson is hit by Anton Stralman and loses puck.
3:05 of 3rd period - Penalty to Daniel Carcillo is over, Daniel Carcillo is back on ice.
3:59 of 3rd period - Slapshot by John Carlson.
3:59 of 3rd period - Deflect By Marian Gaborik.
3:59 of 3rd period - Stopped by Maxime Daigneault with a rebound.
4:01 of 3rd period - Snap shot by Jordan Nolan.
4:01 of 3rd period - Deflect By Marian Gaborik.
4:01 of 3rd period - Stopped by Maxime Daigneault without a rebound.
4:02 of 3rd period - Nazem Kadri wins face-off versus Jordan Nolan in Coyotes zone.
4:20 of 3rd period - Valtteri Filppula is hit by Robert Nilsson and loses puck.
4:51 of 3rd period - Gabriel Landeskog is hit by Zach Parise and loses puck.
5:40 of 3rd period - Josh Gorges is hit by Jeff Schultz and loses puck.
6:12 of 3rd period - Marian Gaborik is hit by Daniel Carcillo.
6:20 of 3rd period - Off-side.
6:21 of 3rd period - Robert Nilsson wins face-off versus Chris Stewart in neutral zone.
6:54 of 3rd period - Wrist shot by Marian Gaborik.
6:54 of 3rd period - Stopped by Jaroslav Halak without a rebound.
6:55 of 3rd period - Robert Nilsson wins face-off versus Nazem Kadri in Lightning zone.
7:21 of 3rd period - Snap shot by Daniel Carcillo.
7:21 of 3rd period - Stopped by Maxime Daigneault without a rebound.
7:22 of 3rd period - Ryane Clowe wins face-off versus Sheldon Keefe in Coyotes zone.
7:29 of 3rd period - Snap shot by Kristopher Letang.
7:29 of 3rd period - Shot Misses the Net.
7:37 of 3rd period - Zach Parise is hit by Daniel Carcillo and loses puck.
7:48 of 3rd period - Anton Stralman is hit by Steve Bernier.
8:20 of 3rd period - Snap shot by Robert Nilsson.
8:20 of 3rd period - Stopped by Maxime Daigneault with a rebound.
8:22 of 3rd period - Slapshot by Andy Rogers.
8:22 of 3rd period - Stopped by Maxime Daigneault with a rebound.
9:14 of 3rd period - Slapshot by Andy Rogers.
9:14 of 3rd period - Shot Blocked by Chris Stewart.
9:42 of 3rd period - Off-side.
9:43 of 3rd period - Nazem Kadri wins face-off versus Mikael Backlund in neutral zone.
9:48 of 3rd period - Slapshot by Kristopher Letang.
9:48 of 3rd period - Stopped by Jaroslav Halak with a rebound.
9:50 of 3rd period - Wrist shot by Tyler Ennis.
9:50 of 3rd period - Stopped by Jaroslav Halak without a rebound.
9:51 of 3rd period - Mikael Backlund wins face-off versus Nazem Kadri in Lightning zone.
11:16 of 3rd period - Slapshot by Justin Schultz.
11:16 of 3rd period - Stopped by Maxime Daigneault with a rebound.
11:33 of 3rd period - Minor Penalty to Nazem Kadri for Diving.
11:34 of 3rd period - Chad Larose wins face-off versus Robert Nilsson in Coyotes zone.
13:33 of 3rd period - Penalty to Nazem Kadri is over, Nazem Kadri is back on ice.
14:18 of 3rd period - Off-side.
14:19 of 3rd period - Nazem Kadri wins face-off versus Robert Nilsson in neutral zone.
14:24 of 3rd period - Wrist shot by Nazem Kadri.
14:24 of 3rd period - Stopped by Jaroslav Halak with a rebound.
14:26 of 3rd period - Snap shot by Marian Gaborik.
14:26 of 3rd period - Shot Blocked by Robert Nilsson.
14:53 of 3rd period - Minor Penalty to Jan Bulis for High sticking.
14:54 of 3rd period - Robert Nilsson wins face-off versus Chris Stewart in Lightning zone.
15:02 of 3rd period - Slapshot by Anton Stralman.
15:02 of 3rd period - Deflect By Tyler Ennis.
15:02 of 3rd period - Shot Misses the Net.
15:02 of 3rd period - Puck is out of play.
15:03 of 3rd period - Chris Stewart wins face-off versus Robert Nilsson in Lightning zone.
15:12 of 3rd period - Slapshot by Tyler Ennis.
15:12 of 3rd period - Shot Misses the Net.
15:14 of 3rd period - Snap shot by Anton Stralman.
15:14 of 3rd period - Deflect By Chris Stewart.
15:14 of 3rd period - Stopped by Jaroslav Halak with a rebound.
15:16 of 3rd period - Snap shot by Kristopher Letang.
15:16 of 3rd period - Stopped by Jaroslav Halak without a rebound.
15:17 of 3rd period - Chris Stewart wins face-off versus Robert Nilsson in Lightning zone.
15:27 of 3rd period - Slapshot by Anton Stralman.
15:27 of 3rd period - Stopped by Jaroslav Halak without a rebound.
15:28 of 3rd period - Chris Stewart wins face-off versus Robert Nilsson in Lightning zone.
15:55 of 3rd period - Kristopher Letang is hit by Kris Versteeg and loses puck.
16:53 of 3rd period - Penalty to Jan Bulis is over, Jan Bulis is back on ice.
17:03 of 3rd period - Slapshot by Kris Versteeg.
17:03 of 3rd period - Stopped by Maxime Daigneault without a rebound.
17:04 of 3rd period - Valtteri Filppula wins face-off versus Jan Bulis in Coyotes zone.
17:11 of 3rd period - Slapshot by Anton Stralman.
17:11 of 3rd period - Shot Misses the Net.
17:13 of 3rd period - Snap shot by Valtteri Filppula.
17:13 of 3rd period - Deflect By Chad Larose.
17:13 of 3rd period - Stopped by Jaroslav Halak without a rebound.
17:14 of 3rd period - Valtteri Filppula wins face-off versus Jan Bulis in Lightning zone.
17:37 of 3rd period - Martin Samuelsson is hit by John Carlson.
17:43 of 3rd period - Icing by Anton Stralman.
17:44 of 3rd period - Brooks Laich wins face-off versus Robert Nilsson in Coyotes zone.
18:01 of 3rd period - Slapshot by Danny Richmond.
18:01 of 3rd period - Stopped by Maxime Daigneault with a rebound.
19:21 of 3rd period - Tyler Ennis is hit by Steve Bernier and loses puck.
19:38 of 3rd period - Chris Stewart is hit by Justin Schultz and loses puck.
Goals for this period are 0 for Lightning vs 0 for Coyotes.
Shots for this period are 10 for Lightning vs 8 for Coyotes.
Back to the Top